 Dungeon Crawl Stone Soup version 0.31-a0-217-g58bb5d79cf (webtiles) character file.

Game seed: 12906669417510223136

46 qw the Shooter (level 3, -4/29 HPs)
             Began as a Minotaur Hexslinger on July 2, 2023.
             Killed by divine providence
             ... invoked by an orc priest
              (12 damage)
             ... on level 3 of the Dungeon.
             The game lasted 00:00:34 (1493 turns).

qw the Shooter (Minotaur Hexslinger)                Turns: 1493, Time: 00:00:35

Health: -4/29      AC:  6    Str: 12    XL:     3   Next: 46%
Magic:  3/3        EV: 11    Int: 10    God:
Gold:   131        SH:  0    Dex: 14    Spells: 3/4 levels left

rFire   . . .        Y - +1 sling
rCold   . . .        (no shield)
rNeg    . . .        d - +0 ring mail
rPois   .            (helmet restricted)
rElec   .            (no cloak)
rCorr   .            h - +0 pair of gloves
SInv    .            (no boots)
Will    .....        (no amulet) Stlth
                     (no ring)
HPRegen 0.24/turn    (no ring)
MPRegen 0.08/turn

%: no passive effects
@: confused
A: horns 2, retaliatory headbutt
a: no special abilities


You were on level 3 of the Dungeon.
You visited 1 branch of the dungeon, and saw 3 of its levels.

You collected 131 gold pieces.


Innate Abilities, Weirdness & Mutations

You have a pair of horns on your head.
You reflexively headbutt those who attack you in melee.


   Skills:
 - Level 2.0 Fighting
 - Level 4.0 Ranged Weapons
 + Level 0.3 Armour
 - Level 2.1 Dodging
 - Level 1.0 Spellcasting
 - Level 2.0 Hexes


You had 3 spell levels left.
You knew the following spells:

 Your Spells              Type           Power      Damage    Failure   Level
a - Slow                  Hex            16%        N/A       34%         1

Your spell library contained the following spells:

 Spells                   Type           Power      Damage    Failure   Level
 Inner Flame              Hex/Fire       2%         N/A       83%         3
 Portal Projectile        Hex/Tloc       4%         N/A       83%         3
 Cause Fear               Hex            2%         N/A       98%         4

Inventory:

Hand Weapons
 Y - a +1 sling (weapon)
Armour
 d - a +0 ring mail (worn)
 h - a +0 pair of gloves (worn)
Scrolls
 a - 2 scrolls of teleportation
 g - a scroll of identify
Potions
 b - a potion of ambrosia {unknown}
 c - a potion of curing {unknown}
 e - 3 potions of heal wounds
 f - 3 potions of might
 i - a potion of invisibility {unknown}

Dungeon Overview and Level Annotations

Branches:
Dungeon (3/15)

Altars:
Sif Muna


Message History

The ball python constricts you.
You shoot a sling bullet. The sling bullet hits the ball python.
You kill the ball python!
You shoot a sling bullet.
The sling bullet hits the orc priest but does no damage.
The orc priest barely misses you.
The orc priest looks satisfied for a moment.
You shoot a sling bullet.
The sling bullet completely misses the orc priest.
The orc hits you but does no damage.
The orc priest hits you but does no damage.
You shoot a sling bullet.
The sling bullet barely misses the orc priest.
The orc barely misses you. The orc hits you but does no damage.
The orc priest closely misses you.
You shoot a sling bullet.
The sling bullet closely misses the orc priest.
The orc barely misses you. x2; You furiously retaliate!
You headbutt the orc!
You kill the orc!
The orc priest closely misses you.
You shoot a sling bullet.
The sling bullet barely misses the orc priest.
The orc hits you but does no damage.
The orc priest hits you but does no damage.
Something hits you but does no damage. The orc priest closely misses you.
The orc hits you with a +0 falchion.
You shoot a sling bullet. The sling bullet hits the orc priest.
The orc priest is lightly wounded.
You hear some strange, mumbled words.
You are confused.
The orc closely misses you.
The orc priest hits you but does no damage.
Something hits you but does no damage. The orc closely misses you.
The orc priest barely misses you. Something hits you but does no damage.
The orc barely misses you.
The orc priest hits you with a +0 hand axe.
Something completely misses you. The orc hits you with a +0 falchion.
The orc priest invokes the aid of Beogh against you.
Beogh smites you!
You die...

####### #.# .....#
#.# # ####.# #.# .#
# #.# #.#####.## #.#
#........# #.#
#........#
#.#########).......#
#..................#
#..########..@)....#
.>...# #.{oo....#
#.###.# #........# #
#.# #.###.#.## #.#
..# .# # #.. #### .#
#.. ) .


You could see an orc priest and an orc.

Vanquished Creatures
  A worm (D:2)
  2 orcs (D:3)
  4 bats
  3 endoplasms
  3 giant cockroaches
  2 goblins
  7 hobgoblins
  5 kobolds
  A quokka (D:1)
  6 ball pythons
  A frilled lizard (D:1)
  3 rats
38 creatures vanquished.

Notes
Turn   | Place    | Note
-------+----------+-------------------------------------------
     0 | D:1      | qw the Minotaur Hexslinger began the quest for the Orb.
     0 | D:1      | Reached XP level 1. HP: 16/16 MP: 1/1
     0 | D:1      | 0 ||| qw: Version: 0.3-a-40-ge99b1a8
     0 | D:1      | 0 ||| qw: Game counter: 131
     0 | D:1      | 0 ||| qw: Melee chars always use a shield: true
     0 | D:1      | 0 ||| qw: God list: Okawaru
     0 | D:1      | 0 ||| qw: Allow faded altars: false
     0 | D:1      | 0 ||| qw: Do Orc after clearing Dungeon:15 true
     0 | D:1      | 0 ||| qw: Do second Lair branch before Depths: true
     0 | D:1      | 0 ||| qw: Lair rune preference: random
     0 | D:1      | 0 ||| qw: Goals: Normal
     0 | D:1      | 0 ||| PLANNING D:1-11
    91 | D:1      | Reached skill level 3 in Ranged Weapons
    94 | D:1      | Reached XP level 2. HP: 23/23 MP: 2/2
   164 | D:1      | 164 ||| FLEEEEING.
   165 | D:1      | 165 ||| FLEEEEING.
   166 | D:1      | 166 ||| FLEEEEING.
   167 | D:1      | 167 ||| FLEEEEING.
   168 | D:1      | 168 ||| FLEEEEING.
   169 | D:1      | 169 ||| FLEEEEING.
   170 | D:1      | 170 ||| FLEEEEING.
   171 | D:1      | 171 ||| FLEEEEING.
   172 | D:1      | 172 ||| FLEEEEING.
   173 | D:1      | 173 ||| FLEEEEING.
   573 | D:1      | 573 ||| UPGRADING to +0 leather armour.
   583 | D:1      | 583 ||| DROPPING +0 robe.
   584 | D:1      | 584 ||| READING scroll labelled LETRAST ETZU.
   588 | D:1      | 588 ||| READING scroll labelled COALLE SOLAPE.
   589 | D:1      | 589 ||| READING scroll labelled WIJODA QOQI.
   590 | D:1      | 590 ||| DRINKING 3 murky coppery potions.
   591 | D:1      | 591 ||| DROPPING scroll of poison.
   610 | D:2      | Found a shimmering blue altar of Sif Muna.
   817 | D:2      | Reached XP level 3. HP: 20/29 MP: 3/3
  1394 | D:2      | 1394 ||| UPGRADING to +0 ring mail.
  1404 | D:2      | 1404 ||| UPGRADING to +0 pair of gloves.
  1409 | D:2      | 1409 ||| DROPPING +0 leather armour.
  1410 | D:2      | 1410 ||| DRINKING 4 metallic puce potions.
  1479 | D:3      | Reached skill level 4 in Ranged Weapons
  1493 | D:3      | Killed from afar by an orc priest

Levels and vault maps discovered:
D:1:      lightli_arrival_statuegarden, layout_rooms, serial_forest,
          infiniplex_forest_join, infiniplex_forest_clump_small,
          infiniplex_forest_lined_corner, infiniplex_forest_straight_5,
          infiniplex_forest_clump_diagonal
D:2:      layout_loops_cross, basic_altar, minmay_fractal_squares_gapless_5
D:3:      layout_loops_ring, ashenzari_conservatory_becter,
          nicolae_overflow_hidden_temple, kennysheep_generic_room_14

Skill      XL: |  1  2  3 |
---------------+----------+-----
Ranged Weapons | 3 4 |  4.0
Fighting       | 2 |  2.0
Armour         | |  0.3
Dodging        | |  2.1
Spellcasting   | |  1.0
Hexes          | |  2.0

Action                     || total
---------------------------++-------
   Fire: Sling             ||   123
    Use: Scroll            ||     3
         Potion            ||     2
 Armour: Robe              ||     4
         Leather armour    ||     3
         Ring mail         ||    11
  Dodge: Dodged            ||    40

Table legend:
 A = Non-vault XP
 B = Vault XP
 C = Vault XP percentage of total XP
 D = Non-vault monster count
 E = Vault monster count
 F = Vault count percentage of total count
                 A         B        C        D         E       F
            +---------+---------+-------+---------+---------+-------
      Total |      60 |       7 |  10.4 |      34 |       4 |  10.5
            +---------+---------+-------+---------+---------+-------
        D:1 |      32 |       0 |   0.0 |      18 |       0 |   0.0
        D:2 |      19 |       7 |  26.9 |      11 |       4 |  26.7
        D:3 |       9 |       0 |   0.0 |       5 |       0 |   0.0
            +---------+---------+-------+---------+---------+-------
